 Dungeon Crawl Stone Soup version 0.27.1-3-gb3d3a73c9e (webtiles) character file.

Game seed: 15372012187850195054

179 belegose the Skirmisher (level 5, 0/47 HPs)
             Began as a Hill Orc Fighter on Oct 16, 2021.
             Succumbed to Robin's poison
             ... on level 3 of the Dungeon.
             The game lasted 00:06:10 (3026 turns).

belegose the Skirmisher (Hill Orc Fighter)          Turns: 3026, Time: 00:06:10

Health: 0/47       AC:  9    Str: 20    XL:     5   Next: 59%
Magic:  5/5        EV:  7    Int:  8    God:
Gold:   175        SH:  9    Dex: 10    Spells: 4/4 levels left

rFire    . . .     SeeInvis .   a - +0 war axe
rCold    . . .     Faith    .   c - +0 kite shield
rNeg     . . .     Spirit   .   b - +0 scale mail
rPois    .         Reflect  .   k - +2 hat
rElec    .         Harm     .   (no cloak)
rCorr    .         Rampage  .   (no gloves)
Will     .....                  (no boots)
Stlth    ..........             (no amulet)
HPRegen  0.15/turn              (no ring)
MPRegen  0.09/turn              (no ring)

@: mighty, lethally poisoned (0 -> -3), flying
A: no striking features
a: no special abilities


You were on level 3 of the Dungeon.
You visited 1 branch of the dungeon, and saw 3 of its levels.

You collected 175 gold pieces.

Inventory:

Hand Weapons
 a - a +0 war axe (weapon)
Missiles
 f - 13 javelins (quivered)
 i - 2 boomerangs
 l - 62 stones
 p - 14 poisoned darts
Armour
 b - a +0 scale mail (worn)
 c - a +0 kite shield (worn)
 k - a +2 hat (worn)
Jewellery
 r - an amulet of faith
Wands
 s - a wand of polymorph (7)
Scrolls
 g - 2 scrolls of fear {unknown}
 h - a scroll of fog {unknown}
 j - a scroll of amnesia {unknown}
 m - 2 scrolls of immolation {unknown}
 n - a scroll of identify {unknown}
 o - a scroll of magic mapping {unknown}
 t - a scroll of brand weapon {unknown}


   Skills:
 + Level 4.6 Fighting
 + Level 4.1 Axes
 + Level 1.5 Throwing
 + Level 4.1 Armour
 + Level 4.2 Shields


You had 4 spell levels left.
You didn't know any spells.
Your spell library was empty.

Dungeon Overview and Level Annotations

Branches:
Dungeon (3/15)

Altars:
Trog


Message History

You feel sick.
Unknown command.
You feel sick.
You feel sick.
You feel sick.
You are no longer poisoned.
Aiming: Polymorph
Press: ? - help, Shift-Dir - straight line, f - Robin
Aim: Robin, wielding a +3 dagger of venom, wearing a +0 animal skin and wearing a +0 helmet (heavily wounded, will become a steam dragon, an endoplasm, or an adder, chance to affect: 54%)
Okay, then.
You feel very mighty all of a sudden. You block Robin's attack.
You hit Robin.
Robin is almost dead.
Robin closely misses you.
You closely miss Robin.
Robin is almost dead.
Robin hits you but does no damage.
You are lethally poisoned!
Robin hits you with a +3 dagger of venom.
* * * LOW HITPOINT WARNING * * *
Unknown command.
You slash Robin!
You kill Robin!
* * * LOW HITPOINT WARNING * * *
You feel very sick. You block the jackal's attack.
Unknown command.
It was a potion of flight.
You feel very buoyant.
You fly up into the air.
* * * LOW HITPOINT WARNING * * *
You feel sick.
The jackal bites you but does no damage.
You block the jackal's attack.
You closely miss the jackal.
* * * LOW HITPOINT WARNING * * *
You feel sick. You block the jackal's attack. x2
You barely miss the jackal.
You die...

#.##
##.## .
#.# ##.#
# #. #.#
#.# ##.#
#.# ##.##
#.###.##
#.Z.##
##h## #@#
#.# #<#
#?.......
#####.###


You could see a jackal and a jackal skeleton.

Vanquished Creatures
  Ijyb (D:3)
  Robin (D:3)
  5 adders
  2 dart slugs
  An orc (D:3)
  4 endoplasms
  2 giant cockroaches
  18 goblins
  12 hobgoblins
  7 jackals
  6 kobolds
  2 quokkas
  8 ball pythons
  11 bats
  3 frilled lizards (D:1)
  3 rats
86 creatures vanquished.

Notes
Turn   | Place    | Note
-------+----------+-------------------------------------------
     0 | D:1      | belegose the Hill Orc Fighter began the quest for the Orb.
     0 | D:1      | Reached XP level 1. HP: 19/19 MP: 1/1
   125 | D:1      | Reached XP level 2. HP: 27/27 MP: 2/2
   364 | D:1      | Reached XP level 3. HP: 33/33 MP: 3/3
   405 | D:1      | Found a faded altar of an unknown god.
  1225 | D:2      | Found a bloodstained altar of Trog.
  1395 | D:2      | Reached XP level 4. HP: 35/40 MP: 4/4
  1624 | D:2      | Reached skill level 1 in Throwing
  2722 | D:3      | Reached XP level 5. HP: 47/47 MP: 5/5
  2865 | D:3      | Noticed Ijyb
  2880 | D:3      | Killed Ijyb
  2949 | D:3      | Noticed Robin
  3023 | D:3      | Killed Robin
  3025 | D:3      | HP: 1/47 [poisoned by Robin]
  3026 | D:3      | Succumbed to Robin's poison

Illustrated notes

Levels and vault maps discovered:
D:1:      nicolae_arrival_washed_ashore, layout_basic,
          chequers_ecumenical_altar_simple_redux
D:2:      layout_basic, basic_altar, dk_noncrumbling_3
D:3:      layout_loops_cross, minmay_unequal, uniq_ijyb, uniq_terence,
          uniq_robin

Skill      XL: |  1  2  3  4 |
---------------+-------------+-----
Axes           | 3 4 |  4.1
Fighting       | 4 |  4.6
Throwing       | 1 |  1.5
Shields        | 4 |  4.2
Armour         | 4 |  4.1

Action                   |  1- 3 |  4- 6 || total
-------------------------+-------+-------++-------
Melee: War axe           |   113 |   148 ||   261
       Unarmed           |       |     8 ||     8
Throw: Dart              |       |     1 ||     1
       Javelin           |       |     1 ||     1
  Use: Potion            |       |     3 ||     3
Armor: Scale mail        |    73 |    82 ||   155
       Skin              |       |     2 ||     2
Dodge: Dodged            |    47 |    51 ||    98
Block: Kite shield       |    67 |   111 ||   178
